 Dungeon Crawl Stone Soup version 0.26-a0-597-gb535b0901c (webtiles) character file.

Game seed: 17181540578729402630

135411 Fingolfin the Fighter (level 16, -1/172 HPs)
             Began as a Troll Monk on Sept 7, 2020.
             Was the Champion of Ru.
             Killed by divine providence
             ... invoked by a sphinx
              (15 damage)
             ... on level 2 of the Depths.
             The game lasted 01:32:52 (24447 turns).

Fingolfin the Fighter (Troll Monk)                 Turns: 24447, Time: 01:32:53

Health: -1/172     AC: 13    Str: 24    XL:     16   Next: 64%
Magic:  25/31      EV: 11    Int:  6    God:    Ru [******]
Gold:   2571       SH: 19    Dex: 16    Spells: 15/25 levels left

rFire    + . .     SeeInvis +   a - +10 morningstar "Eos" {elec, Halo rElec}
rCold    . . .     Faith    .   X - +3 kite shield
rNeg     . . .     Spirit   .   W - +0 troll leather armour
rPois    +         Reflect  +   n - +2 hat {SInv}
rElec    +         Harm     .   V - +1 cloak of Odazidwa {MR+ Int-2 Dex+4}
rCorr    .                      (gloves unavailable)
MR       ++...                  (boots unavailable)
Stlth    +.........             f - amulet "Jemilodghank" {Reflect rPois MP+9 SH+5 SInv}
HPRegen  1.18/turn              G - +4 ring of protection
MPRegen  0.22/turn              F - ring of protection from fire

@: exhausted, corroded, no scrolls, hasted and slowed, glowing, drained
A: large, unfitting armour, claws 3, dopey 1, regeneration 1, shaggy fur 1,
tough skin 3, inability to read while threatened, inability to use devices,
hated by all, inexperienced 1
a: Draw Out Power, Power Leap, Apocalypse, Renounce Religion


You were on level 2 of the Depths.
You worshipped Ru.
Ru was exalted by your worship.
You visited 5 branches of the dungeon, and saw 26 of its levels.
You also visited: Sewer, Bailey and Ice Cave.

You collected 5842 gold pieces.
You spent 3271 gold pieces at shops.

Inventory:

Hand Weapons
 a - the +10 morningstar "Eos" (weapon) {elec, Halo rElec}
   (You found it in a bailey)

   Occasionally, upon striking a foe, it will discharge some electrical energy
   and cause terrible harm.
   It insulates you from electricity.
 b - a +9 demon whip of chaos
Missiles
 c - 924 stones
 j - 35 large rocks (quivered)
 w - 28 boomerangs
 x - 88 poisoned darts
 y - 16 javelins
 C - 4 silver boomerangs
 N - 2 atropa-tipped darts
 O - 14 curare-tipped darts
 Q - a throwing net
Armour
 n - a +2 hat of see invisible (worn)
 V - the +1 cloak of Odazidwa (worn) {MR+ Int-2 Dex+4}
   (You bought it in a shop on level 2 of the Orcish Mines)

   It affects your intelligence (-2).
   It affects your dexterity (+4).
   It affects your resistance to hostile enchantments.
 W - a +0 troll leather armour (worn)
 X - a +3 kite shield (worn)
Jewellery
 f - the amulet "Jemilodghank" (around neck) {Reflect rPois MP+9 SH+5 SInv}
   (You acquired it on level 9 of the Dungeon)

   [amulet of reflection]

   It shields you and reflects attacks.
   It protects you from poison.
   It affects your magic capacity (+9).
   It lets you see invisible.
   It affects your SH (+5).
 o - an uncursed ring of fire
 D - an uncursed ring of positive energy
 F - a ring of protection from fire (right claw)
 G - a +4 ring of protection (left claw)
 H - an uncursed ring of protection from magic
 L - an uncursed ring of protection from magic
 M - an uncursed ring of protection from cold
 R - an uncursed ring of resist corrosion
 U - an uncursed ring of ice
Scrolls
 d - 5 scrolls of blinking
 e - 10 scrolls of teleportation
 h - 18 scrolls of remove curse
 i - 7 scrolls of amnesia
 m - 7 scrolls of fog
 r - 2 scrolls of torment
 t - 4 scrolls of fear
 v - 2 scrolls of silence
 B - a scroll of immolation
 K - 3 scrolls of enchant weapon
 P - 6 scrolls of identify
 S - a scroll of holy word
 T - a scroll of magic mapping {unknown}
Potions
 g - 3 potions of cancellation
 k - 4 potions of magic
 l - 2 potions of might
 p - 5 potions of flight
 q - 11 potions of heal wounds
 s - 15 potions of curing
 u - a potion of brilliance
 z - a potion of resistance
 A - 8 potions of haste
 E - 2 potions of berserk rage
 I - 4 potions of lignification
 J - 10 potions of ambrosia


   Skills:
 - Level 14.0(12.5) Fighting
 - Level 12.0(10.6) Maces & Flails
 - Level 12.0(10.6) Throwing
 - Level 6.0(4.8) Armour
 - Level 6.0(4.8) Dodging
 - Level 1.0(0.0) Stealth
 + Level 7.7(6.4) Shields
 - Level 5.0(3.8) Spellcasting
 - Level 3.0(1.9) Hexes
 - Level 6.0(4.8) Translocations
 - Level 3.0(1.9) Transmutations
 - Level 3.0(1.9) Air Magic


You had 15 spell levels left.
You knew the following spells:

 Your Spells              Type           Power        Failure   Level
a - Lesser Beckoning      Tloc           #.........   28%         3
b - Portal Projectile     Hex/Tloc       #.....       45%         3
c - Wereblood             Tmut           #.......     43%         2
S - Swiftness             Air            #.......     43%         2

Your spell library contained the following spells:

 Spells                   Type           Power        Failure   Level
 Beastly Appendage        Tmut           #.....       30%         1
 Corona                   Hex            #......      30%         1
 Magic Dart               Conj           #...         56%         1
 Pain                     Necr           #...         56%         1
 Ensorcelled Hibernation  Hex/Ice        #.....       56%         2
 Confusing Touch          Hex            #.......     67%         3
 Searing Ray              Conj           #.....       71%         2
 Dazzling Flash           Conj/Hex       #.....       80%         3
 Spider Form              Tmut/Pois      #.........   80%         3
 Static Discharge         Conj/Air       #.......     80%         3
 Vampiric Draining        Necr           #.........   90%         3
 Iskenderun's Mystic Bla  Conj/Tloc      #.......     94%         4
 Cause Fear               Hex            #.........   97%         4
 Fulminant Prism          Conj/Hex       #.........   99%         4
 Ice Form                 Ice/Tmut       #.......     99%         4
 Agony                    Necr           #.......     100%        5
 Blade Hands              Tmut           #.........   100%        5
 Silence                  Hex/Air        #.........   100%        5
 Yara's Violent Unravell  Hex/Tmut       #.........   100%        5
 Discord                  Hex            #.........   100%        8
 Animate Skeleton         Necr           Unusable     N/A         1
 Tukima's Dance           Hex            Unusable     N/A         3
 Summon Lightning Spire   Summ/Air       Unusable     N/A         4
 Animate Dead             Necr           Unusable     N/A         4
 Summon Demon             Summ           Unusable     N/A         5
 Summon Forest            Summ/Tloc      Unusable     N/A         5
 Summon Mana Viper        Hex/Summ       Unusable     N/A         5
 Shadow Creatures         Summ           Unusable     N/A         6
 Malign Gateway           Summ/Tloc      Unusable     N/A         7
 Monstrous Menagerie      Summ           Unusable     N/A         7
 Summon Greater Demon     Summ           Unusable     N/A         7
 Summon Hydra             Summ           Unusable     N/A         7
 Summon Horrible Things   Summ           Unusable     N/A         8

Dungeon Overview and Level Annotations

Branches:
Dungeon (15/15)            Temple (0/1) D:7            Lair (6/6) D:10
 Shoals (0/4) Lair:3       Spider (0/4) Lair:3        Slime (0/5) Lair:6
    Orc (2/2) D:12            Elf (1/3) Orc:2        Vaults (0/5) D:13
 Depths (2/5) D:15          Sewer (visited)          Bailey (visited)
  IceCv (visited)

Altars:
Ashenzari
Nemelex Xobeh
Ru
Trog
Vehumet
Wu Jian
Xom
Yredelemnul
Zin
Jiyva

Shops:
D:7 [   D:9 :   D:10 *   D:11 *   D:12 ([   D:15 [   Orc:2 *([(

Portals:
Hell: Depths:1
Abyss: Depths:2
Ziggurat: Depths:1

Annotations:
D:8 tele scroll and gold ice clouds


Innate Abilities, Weirdness & Mutations

You are too large for most types of armour.
You have claws for hands.
Your natural rate of healing is unusually fast.
You are covered in fur. (AC +1)
You have extremely tough skin. (AC +3)
You cannot read scrolls while threatened.
You cannot study or use magical devices.
You are hated by all.
You are somewhat inexperienced. (-2 XL)
You are dopey. (Int -2)


Message History

The caustic shrike is stunned by your will and fails to attack. x2
The frost giant casts a spell at you. The bolt of cold hits you!!!
* * * LOW HITPOINT WARNING * * *
The fire giant casts a spell at you. The bolt of fire hits you. You resist.
* * * LOW HITPOINT WARNING * * *
You focus your will and illuminate the fire giant in retribution!
You redirect the frost giant's attack!
You block the caustic shrike's attack.
You hear a shout!
You feel much better.
The golden dragon is no longer paralysed.
The caustic shrike claws you!
* * * LOW HITPOINT WARNING * * *
You are splashed with acid.
* * * LOW HITPOINT WARNING * * *
The sphinx mumbles some strange words.
Something smites you!
You die...

##.......... .(...
#........... ...c
#######..... ##.CC# #.....
#.(... #..... #.(.. #.....
#.H. ##########.....
#DHC####........†)....
#..iC@).§§≈(..........
#####b.≈≈≈≈§..##.#####
#..≈°≈≈≈≈≈≈.#.# .#
#.≈≈#°≈≈#≈≈.#.# .###
#..≈≈≈≈C≈≈≈≈≈..#
........≈≈≈≈>≈≈≈≈≈..#
#######....[...≈≈≈≈≈≈≈≈≈...#
#......# #####.≈≈#≈≈≈#≈..###
#......# #..≈≈≈≈≈≈≈..#


You could see a golden dragon, a caustic shrike, 2 frost giants, a fire giant
(slow, corona), 2 sphinxes and a spriggan defender.

Vanquished Creatures
  Gastronok (Lair:2)
  A sphinx (Depths:1)
  2 fire giants
  7 stone giants
  A very ugly thing (Depths:2)
  4 ettins
  2 fire dragons (Depths:2)
  3 hydras
  A yaktaur captain (Depths:2)
  2 great orbs of eyes
  4 centaur warriors
  4 catoblepae
  Harold (D:11)
  17 two-headed ogres
  A queen ant (Lair:2)
  A dancing weapon (Elf:1)
  Erica (D:8)
  2 tengu warriors (Depths:1)
  7 deep troll earth magi
  A deep troll shaman (Depths:1)
  A death knight (D:14)
  5 ogre magi
  3 orc high priests (Orc:2)
  Nergalle (Lair:1)
  Urug (Orc:1)
  Sonja (D:11)
  A spriggan berserker (Depths:2)
  2 deep elf knights (Elf:1)
  An unseen horror (shapeshifter) (D:13)
  5 deep trolls
  3 unseen horrors
  A glowing orange brain (D:14)
  A deep elf archer (Elf:1)
  A flayed ghost (Depths:1)
  A wizard (D:13)
  7 orc knights
  A necromancer (D:13)
  4 orc sorcerers
  10 deep elf magi
  17 ugly things
  A wolf spider (Lair:6)
  A shining eye (shapeshifter) (Depths:1)
  2 cyclopes
  7 slime creatures
  2 manticores
  A guardian serpent (Lair:6)
  Joseph (D:7)
  Maurice (D:11)
  4 spectral swamp worms (Depths:1)
  9 black mambas (Lair:6)
  A gargoyle (D:13)
  18 cane toads
  2 ice statues (IceCv)
  6 komodo dragons
  6 yaktaurs (Depths:1)
  An efreet (D:10)
  A yaktaur (shapeshifter) (D:15)
  A freezing wraith (D:14)
  2 kobold demonologists (Bailey)
  3 rime drakes
  3 jumping spiders (Lair:3)
  2 tengu conjurers
  5 hornets
  3 polar bears
  A blink frog (shapeshifter) (D:15)
  A queen bee (Lair:1)
  8 trolls
  7 dream sheep (Lair:6)
  A wolf spider simulacrum (D:15)
  6 hippogriffs
  15 blink frogs
  A shadow (D:11)
  Eustachio (D:6)
  A centaur simulacrum (D:14)
  10 wyverns
  A vampire (D:15)
  4 redbacks
  A hog (shapeshifter) (Depths:1)
  5 water elementals (D:14)
  A wraith (D:15)
  46 yaks
  3 basilisks
  Menkaure (D:6)
  3 vampire mosquitoes
  4 wargs
  5 soldier ants (Lair:2)
  17 water moccasins
  31 orc warriors
  13 porcupines
  4 sky beasts
  9 ice beasts
  3 black bears
  A phantom (D:7)
  17 ogres
  18 wolves
  22 centaurs
  6 crocodiles
  3 big kobolds
  17 bullfrogs
  Dowan (D:5)
  A wyvern skeleton (D:6)
  19 killer bees
  8 scorpions
  7 wights
  13 electric eels
  5 howler monkeys
  4 centaur zombies
  3 jellies
  A centaur skeleton (D:4)
  6 hounds
  4 bullfrog skeletons
  13 orc priests
  26 orc wizards
  4 iguanas
  38 worker ants
  A hound skeleton (D:7)
  A worker ant zombie (D:9)
  7 gnolls
  13 adders
  2 river rats (Sewer)
  A shadow imp (D:5)
  A white imp (D:7)
  2 ufetubi
  2 adder skeletons (D:8)
  5 leopard geckos
  77 orcs
  7 giant cockroaches
  14 goblins
  14 hobgoblins
  7 jackals
  22 kobolds
  2 quokkas
  2 ball pythons
  3 bats
  2 frilled lizards
  A leopard gecko skeleton (D:4)
  8 rats
  A spectral orc (D:9)
848 creatures vanquished.

Vanquished Creatures (others)
  A hydra (Lair:1)
  A two-headed ogre (D:14)
  A tengu warrior (D:15)
  A manticore (Lair:4)
  A spectral swamp worm (Depths:1)
  A jumping spider (Lair:3)
  A hippogriff (D:11)
  A redback (Lair:3)
  A yak (D:10)
  A soldier ant (D:14)
  Duvessa (D:5)
  An ogre (Orc:1)
  3 centaurs
  A worker ant (Lair:2)
  7 orcs
  42 fungi
  106 plants
171 creatures vanquished.

Grand Total: 1019 creatures vanquished

Notes
Turn   | Place    | Note
-------+----------+-------------------------------------------
     0 | D:1      | Fingolfin the Troll Monk began the quest for the Orb.
     0 | D:1      | Reached XP level 1. HP: 22/22 MP: 0/0
   173 | D:1      | Reached skill level 3 in Fighting
   173 | D:1      | Reached XP level 2. HP: 31/31 MP: 1/1
   653 | D:1      | Found a glowing silver altar of Zin.
   818 | D:2      | Reached XP level 3. HP: 26/37 MP: 2/2
   828 | D:2      | Found a sacrificial altar of Ru.
   835 | D:2      | Became a worshipper of Ru the Awakened
   840 | D:2      | Gained mutation: You are hated by all. [Ru sacrifice]
   840 | D:2      | Reached * piety under Ru
  1313 | D:2      | Found a bloodstained altar of Trog.
  1313 | D:2      | Found a glowing silver altar of Zin.
  1466 | D:3      | Found a glowing drain.
  1492 | D:3      | Reached skill level 4 in Fighting
  1501 | D:3      | Reached XP level 4. HP: 44/48 MP: 3/3
  1510 | Sewer    | Entered a sewer
  1747 | Sewer    | Noticed a big kobold
  1769 | Sewer    | Killed a big kobold
  1769 | Sewer    | Reached XP level 5. HP: 55/55 MP: 4/4
  1800 | Sewer    | Found a white marble altar of Elyvilon.
  2117 | D:3      | Reached skill level 5 in Fighting
  2679 | D:4      | Reached XP level 6. HP: 64/67 MP: 5/5
  2855 | D:4      | Gained mutation: You cannot read scrolls while threatened.
                  | [Ru sacrifice]
  2855 | D:4      | Reached ** piety under Ru
  2855 | D:4      | Reached *** piety under Ru
  2872 | D:4      | Reached skill level 6 in Fighting
  2953 | D:4      | Found Bemnut's Magic Scroll Emporium.
  3096 | D:4      | Reached XP level 7. HP: 38/75 MP: 6/6
  3423 | D:5      | Entered Level 5 of the Dungeon
  3503 | D:5      | Reached skill level 5 in Maces & Flails
  3577 | D:5      | Paralysed by a gnoll for 6 turns
  3650 | D:5      | Found a shimmering altar of Xom.
  4301 | D:5      | Noticed Duvessa
  4316 | D:5      | Killed Duvessa
  4317 | D:5      | Noticed Dowan
  4388 | D:5      | Killed Dowan
  4388 | D:5      | Reached XP level 8. HP: 12/83 MP: 7/7
  4524 | D:5      | Found a radiant altar of Vehumet.
  5129 | D:6      | Reached skill level 5 in Throwing
  5172 | D:6      | Gained mutation: You cannot study or use magical devices.
                  | [Ru sacrifice]
  5172 | D:6      | Reached **** piety under Ru
  5172 | D:6      | Reached ***** piety under Ru
  5244 | D:6      | Noticed Menkaure
  5252 | D:6      | Killed Menkaure
  5252 | D:6      | Reached skill level 1 in Armour
  5613 | D:6      | Reached XP level 9. HP: 77/89 MP: 8/8
  5761 | D:6      | Noticed Eustachio
  5771 | D:6      | Killed Eustachio
  5995 | D:6      | Found a sparkling altar of Nemelex Xobeh.
  6032 | D:6      | Found a shattered altar of Ashenzari.
  6308 | D:7      | Found Ukahi's Armour Shop.
  6637 | D:7      | Found an ornate altar of the Wu Jian Council.
  6652 | D:7      | Noticed Joseph
  6670 | D:7      | Killed Joseph
  6670 | D:7      | Reached skill level 7 in Fighting
  6995 | D:7      | Found a staircase to the Ecumenical Temple.
  7413 | D:8      | Gained mutation: You are somewhat inexperienced. (-2 XL)
                  | [Ru sacrifice]
  7413 | D:8      | Reached XP level 8. HP: 88/88 MP: 7/7
  7413 | D:8      | Reached XP level 7. HP: 79/79 MP: 6/6
  7413 | D:8      | Reached ****** piety under Ru
  7627 | D:8      | Reached XP level 8. HP: 87/88 MP: 7/7
  7644 | D:8      | Found a flagged portal.
  7655 | Bailey   | Entered a bailey
  7722 | Bailey   | Found an iron altar of Okawaru.
  7722 | Bailey   | Noticed a kobold demonologist
  7722 | Bailey   | Noticed a kobold demonologist
  7738 | Bailey   | Killed a kobold demonologist
  7738 | Bailey   | Reached skill level 8 in Fighting
  7738 | Bailey   | Reached skill level 1 in Spellcasting
  7748 | Bailey   | Killed a kobold demonologist
  7921 | Bailey   | Acquired 2670 gold pieces
  7951 | Bailey   | Reached XP level 9. HP: 72/97 MP: 9/11
  8054 | Bailey   | Found the +10 morningstar "Eos" {elec, Halo rElec}
  8152 | Bailey   | Noticed an orc knight
  8153 | Bailey   | Killed an orc knight
  8222 | Bailey   | Noticed an orc knight
  8238 | Bailey   | Killed an orc knight
  8552 | D:8      | Noticed Erica
  8553 | D:8      | Killed Erica
  8553 | D:8      | Reached skill level 9 in Fighting
  8553 | D:8      | Reached XP level 10. HP: 91/107 MP: 13/13
  8649 | D:9      | Noticed a two-headed ogre
  8655 | D:9      | Killed a two-headed ogre
  8814 | D:9      | Acquired the amulet "Jemilodghank" {Reflect rPois MP+9 SH+5
                  | SInv}
  8963 | D:4      | Bought 2 scrolls of acquirement for 1144 gold pieces
  8963 | D:4      | Bought a scroll of brand weapon for 220 gold pieces
  8963 | D:4      | Bought a scroll of identify for 22 gold pieces
  8963 | D:4      | Bought a scroll of remove curse for 33 gold pieces
  8963 | D:4      | Bought a scroll of blinking for 82 gold pieces
  8963 | D:4      | Bought a scroll of amnesia for 38 gold pieces
  8963 | D:4      | Bought a scroll of immolation for 38 gold pieces
  8963 | D:4      | Bought a scroll of identify for 22 gold pieces
  8963 | D:4      | Bought a scroll of fear for 38 gold pieces
  8963 | D:4      | Bought a scroll of remove curse for 33 gold pieces
  8963 | D:4      | Acquired a +2 hat of see invisible
  8964 | D:4      | Acquired a +2 demon whip of draining
  9107 | D:9      | Found Dasos's Book Emporium.
  9122 | D:9      | Bought Sif Muna's Handbook of the Compass and Lightness for
                  | 619 gold pieces
  9125 | D:9      | Learned a level 2 spell: Swiftness
  9129 | D:9      | Learned a level 3 spell: Lesser Beckoning
  9133 | D:9      | Learned a level 3 spell: Portal Projectile
  9136 | D:9      | Learned a level 2 spell: Wereblood
  9341 | D:9      | Found a basalt altar of Yredelemnul.
  9394 | D:9      | Found the +0 sword of Power
  9514 | D:10     | Entered Level 10 of the Dungeon
  9563 | D:10     | Found a staircase to the Lair.
  9635 | D:10     | Found Obbilik's Assorted Antiques.
  9698 | D:10     | Reached skill level 10 in Fighting
  9928 | D:10     | Reached XP level 11. HP: 105/117 MP: 16/16
 10114 | Lair:1   | Entered Level 1 of the Lair of Beasts
 10136 | Lair:1   | Reached skill level 1 in Translocations
 10136 | Lair:1   | Reached skill level 1 in Transmutations
 10148 | Lair:1   | Noticed a four-headed hydra
 10157 | Lair:1   | Killed a four-headed hydra
 10157 | Lair:1   | Reached skill level 1 in Hexes
 10157 | Lair:1   | Reached skill level 1 in Air Magic
 10158 | Lair:1   | Noticed Nergalle
 10171 | Lair:1   | Killed Nergalle
 10799 | Lair:1   | Noticed a six-headed hydra
 10805 | Lair:1   | Killed a six-headed hydra
 11286 | Lair:2   | Noticed a queen ant
 11309 | Lair:2   | Reached skill level 5 in Translocations
 11313 | Lair:2   | Killed a queen ant
 11315 | Lair:2   | Noticed Gastronok
 11317 | Lair:2   | Reached XP level 12. HP: 77/126 MP: 17/17
 11328 | Lair:2   | Reached skill level 5 in Dodging
 11331 | Lair:2   | Reached skill level 5 in Armour
 11572 | Lair:2   | Acquired 530 gold pieces
 11965 | Lair:2   | Killed Gastronok
 12378 | Lair:3   | Found a staircase to the Shoals.
 12722 | Lair:3   | Found a frozen archway.
 12804 | IceCv    | Entered an ice cave
 12849 | IceCv    | Found a transporter.
 12871 | IceCv    | Found the +6 shillelagh "Devastator" {shatter}
 12872 | IceCv    | Found a transporter.
 12963 | Lair:3   | Found a hole to the Spider Nest.
 13481 | Lair:3   | Reached XP level 13. HP: 78/133 MP: 18/18
 14138 | Lair:4   | Reached skill level 5 in Spellcasting
 15319 | Lair:5   | Reached skill level 11 in Fighting
 15443 | Lair:6   | Entered Level 6 of the Lair of Beasts
 15443 | Lair:6   | Found a staircase to the Slime Pits.
 15443 | Lair:6   | Found a viscous altar of Jiyva.
 15587 | Lair:6   | Got a smoking jade ring
 15589 | Lair:6   | Identified the ring "Qaes" {rPois MP+9 Int-3 Dex+2} (You
                  | found it on level 6 of the Lair of Beasts)
 15640 | Lair:6   | Reached skill level 10 in Maces & Flails
 16243 | Lair:6   | Reached XP level 14. HP: 106/148 MP: 20/20
 16709 | D:11     | Noticed Sonja
 16719 | D:11     | Killed Sonja
 16903 | D:11     | Noticed Maurice
 16907 | D:11     | You fall into a shaft and drop 1 floor!
 17012 | D:12     | Reached skill level 12 in Fighting
 17115 | D:11     | Found Womengeo's Serpentskin Sales.
 17138 | D:11     | Killed Maurice
 17303 | D:11     | Noticed Harold
 17321 | D:11     | Killed Harold
 17824 | D:12     | Found Galiapt's Weapon Boutique.
 17840 | D:12     | Found a staircase to the Orcish Mines.
 17843 | D:12     | Found Ynoptul's Armour Boutique.
 18211 | Orc:1    | Entered Level 1 of the Orcish Mines
 18312 | Orc:1    | Noticed Urug
 18331 | Orc:1    | Killed Urug
 18512 | Orc:2    | Entered Level 2 of the Orcish Mines
 18665 | Orc:2    | Found a staircase to the Elven Halls.
 19363 | Orc:2    | Found Diefizxa's General Store.
 19363 | Orc:2    | Found Tumia's Weapon Boutique.
 19366 | Orc:2    | Found Ufy Hei's Antique Armour Boutique.
 19366 | Orc:2    | Found Afykun's Weapon Shoppe.
 19378 | Orc:2    | Bought a scroll of teleportation for 45 gold pieces
 19378 | Orc:2    | Bought a scroll of enchant armour for 112 gold pieces
 19378 | Orc:2    | Bought an uncursed ring of ice for 375 gold pieces
 19378 | Orc:2    | Bought 14 poisoned darts for 84 gold pieces
 19378 | Orc:2    | Bought 4 curare-tipped darts for 36 gold pieces
 19381 | Orc:2    | Bought a spiked cloak for 199 gold pieces
 19391 | Orc:2    | Identified the +1 cloak of Odazidwa {MR+ Int-2 Dex+4} (You
                  | bought it in a shop on level 2 of the Orcish Mines)
 19450 | Elf:1    | Entered Level 1 of the Elven Halls
 20220 | D:13     | Reached XP level 15. HP: 141/158 MP: 21/21
 20232 | D:13     | Reached skill level 13 in Fighting
 20239 | D:13     | Found a shattered altar of Ashenzari.
 20594 | D:13     | Found a gate to the Vaults.
 21284 | D:14     | Reached skill level 14 in Fighting
 21816 | D:15     | Entered Level 15 of the Dungeon
 22028 | D:15     | Reached skill level 10 in Throwing
 22201 | D:15     | Found Vutaixie's Antique Armour Shop.
 22208 | D:15     | Bought a wizard robe for 131 gold pieces
 22218 | D:15     | Identified the +0 robe of the Game Afoot {rPois} (You
                  | bought it in a shop on level 15 of the Dungeon)
 22326 | D:15     | Found a staircase to the Depths.
 22541 | Depths:1 | Entered Level 1 of the Depths
 22541 | Depths:1 | Found a gateway to Hell.
 22959 | Depths:1 | Noticed a fire giant
 22960 | Depths:1 | Noticed a sphinx
 22972 | Depths:1 | Killed a fire giant
 22981 | Depths:1 | Killed a sphinx
 23090 | Depths:1 | Reached XP level 16. HP: 93/172 MP: 22/22
 23213 | Depths:1 | Reached skill level 1 in Shields
 23317 | Depths:1 | Gained mutation: You are dopey. (Int -2) [a shining eye]
 23608 | Depths:1 | Reached skill level 5 in Shields
 23647 | Depths:1 | Found a gateway to a ziggurat.
 24052 | Depths:2 | Found a one-way gate to the infinite horrors of the Abyss.
 24434 | Depths:2 | Identified the ring "Ral Noteaferch" {MP+9 Str+4 Dex-4 SInv
                  | Stlth-}
 24435 | Depths:2 | Noticed a golden dragon
 24436 | Depths:2 | Noticed a sphinx
 24437 | Depths:2 | Noticed a sphinx
 24444 | Depths:2 | Noticed a caustic shrike
 24446 | Depths:2 | HP: 6/172 [frost giant/bolt of cold (46)]
 24446 | Depths:2 | HP: 1/172 [fire giant/bolt of fire (5)]
 24447 | Depths:2 | Killed from afar by a sphinx

Illustrated notes

Levels and vault maps discovered:
D:1:      dpeg_arrival_lava_altar, layout_basic, minmay_unequal
D:2:      layout_basic, gammafunk_temple_overflow_elements,
          nicolae_ru_the_path_less_chosen
D:3:      layout_loops_ring, gup_sewer_entry_glass
D:4:      layout_gridville, serial_shops, shop_scrolls,
          kennysheep_generic_room_8
D:5:      layout_cave_pools, lemuel_doored_altar, tgw_xom, serial_glass,
          glass_columns_b, glass_columns_a, glass_columns_a, glass_columns_c,
          uniq_duvessa
D:6:      layout_basic, lemuel_coloured_pillars_altar, marbit_many_paths,
          uniq_menkaure, uniq_eustachio
D:7:      layout_loops_ring, kennysheep_mini, minmay_temple_entry_sparse_star,
          serial_shops, shop, chequers_big_river, minmay_strange_pillars,
          uniq_joseph
D:8:      lemuel_ice_spiral_2, layout_basic, enter_bailey_3, uniq_erica
D:9:      layout_roguey, yredelemnul_forgotten_temple_becter, serial_shops, shop
D:10:     layout_irregular_city, due_lair_maze_entry_diamond, serial_shops,
          nicolae_shop_overgrown_old_shop
D:11:     layout_basic, guppyfry_shop_venom, uniq_sonja, uniq_harold,
          uniq_maurice
D:12:     layout_roguey, orc_david_3, minmay_misc_feat_cross
D:13:     layout_loops_corners, david_vaults_1, basic_altar
D:14:     minmay_the_grid_3x2 [minmay_the_grid_spin_star,
          minmay_the_grid_minigrid_small_alt, minmay_the_grid_outer_diamond,
          minmay_the_grid_spikes, minmay_the_grid_large_cup,
          minmay_the_grid_prize_four_corners_diamond_b], layout_cave_pools,
          serial_bayou, serial_bayou_lake_a, serial_bayou_pond_c,
          serial_bayou_pond_e, serial_bayou_pond_b, serial_bayou_pond_d,
          serial_bayou_shore_b
D:15:     hangedman_depths_entry_civil_slaughter, layout_rooms, serial_shops,
          nicolae_shop_overgrown_old_shop, hangedman_abyss_or_decor_stagger
Lair:1:   layout_layer_cave, special_room [special_room_bee],
          grunt_forest_small_clearing_treed, uniq_nergalle
Lair:2:   layout_gridlike, zaba_antful_of_joy, grunt_megastairs_4,
          uniq_gastronok
Lair:3:   layout_cellular_growth, minmay_shoals_entry_beasts,
          nicolae_spider_entry_tight_spaces, portal_ice_cave_entry_pillars_2,
          kennysheep_catoblepas_arena
Lair:4:   nzn_motion_control, layout_cave_shapes, cheibrodos_lair_reptile_den
Lair:5:   layout_big_grid, serial_bayou_pond_c
Lair:6:   hangedman_lair_tendril_chambers, layout_regular_city, slime_altar_1
Orc:1:    layout_diamond_mine, uniq_urug
Orc:2:    grunt_orc_tribal_feast, layout_diamond_mine
Elf:1:    elf_arrival_002, layout_loops_corners, serial_shops, shop,
          evilmike_minifort, grunt_megastairs_1, minmay_shoptagon
Depths:1: layout_roguey, enter_ziggurat_c, columned_hall_lemuel,
          pf_hell_entry_tar_river, wad_floor_pattern_untrapped,
          kennysheep_potato
Depths:2: cheibrodos_salmonella, layout_small_grid, hell_entry,
          minmay_fountain_box, hangedman_abyss_entry_splay,
          infiniplex_staircase_pool_1

Skill      XL: |  1  2  3  4  5  6  7  8  9 10 11 12 13 14 15 16 |
---------------+-------------------------------------------------+-----
Fighting       | 3 4 5 6 8 9 10 11 12 14 | 14.0
Maces & Flails | 4 6 7 8 10 12 | 12.0
Throwing       | 2 6 8 11 12 | 12.0
Armour         | 2 4 6 |  6.0
Dodging        | 3 4 6 |  6.0
Spellcasting   | 2 3 4 5 |  5.0
Translocations | 5 6 |  6.0
Transmutations | 2 3 |  3.0
Hexes          | 2 3 |  3.0
Air Magic      | 2 3 |  3.0
Shields        | 7 |  7.7
Stealth        | |  1.0

Action                   |  1- 3 |  4- 6 |  7- 9 | 10-12 | 13-15 | 16-18 || total
-------------------------+-------+-------+-------+-------+-------+-------++-------
Melee: Mace              |   124 |   161 |   263 |       |       |       ||   548
       Great sword       |       |       |   183 |       |       |       ||   183
       Morningstar       |       |       |    21 |   337 |   990 |   111 ||  1459
Throw: Stone             |       |     1 |    10 |       |       |       ||    11
       Dart              |       |       |    32 |    10 |    12 |       ||    54
       Boomerang         |       |       |    45 |    13 |    24 |       ||    82
       Large rock        |       |       |       |       |     8 |    18 ||    26
 Cast: Wereblood         |       |       |       |       |     1 |       ||     1
       Lesser Beckoning  |       |       |       |       |     3 |       ||     3
Invok: Sacrifice Love    |     1 |       |       |       |       |       ||     1
       Draw Out Power    |       |     1 |     1 |       |     2 |       ||     4
       Sacrifice Words   |       |     1 |       |       |       |       ||     1
       Sacrifice Experie |       |       |     1 |       |       |       ||     1
       Sacrifice Artific |       |       |     1 |       |       |       ||     1
       Apocalypse        |       |       |     2 |     6 |     6 |     4 ||    18
       Power Leap        |       |       |     1 |     1 |       |       ||     2
  Use: Scroll            |     3 |       |     9 |    26 |    10 |     1 ||    49
       Potion            |       |       |       |     1 |       |     3 ||     4
 Stab: Sleeping          |     4 |       |     4 |       |       |       ||     8
       Invisible         |       |       |     7 |     4 |    11 |       ||    22
       Distracted        |       |       |     1 |     2 |     5 |     1 ||     9
       Paralysed         |       |       |     5 |    11 |    23 |     3 ||    42
       Petrified         |       |       |       |       |     2 |       ||     2
Armor: Robe              |    48 |    62 |   196 |   132 |   245 |       ||   683
       Troll leather arm |       |       |       |       |    81 |    23 ||   104
Dodge: Dodged            |    55 |    91 |   321 |   178 |   384 |    32 ||  1061
Block: Other             |       |       |       |    64 |   171 |       ||   235
       Reflection        |       |       |       |     1 |    17 |    23 ||    41
       Kite shield       |       |       |       |       |    79 |    99 ||   178
       Rpst.: Great sword |       |       |    56 |       |       |       ||    56

Table legend: (Time is in decaauts)
 A = Elapsed time spent in this place.
 B = Non-inter-level travel time spent in this place.
 C = Inter-level travel time spent in this place.
 D = Time resting spent in this place.
 E = Time spent auto-exploring this place.
 F = Levels seen in this place.
 G = Mean time per level.
                   A        B        C        D        E       F      G
               +--------+--------+--------+--------+--------+-----+--------+
         Total |  24866 |  23258 |   1608 |   3394 |  13771 |  29 |  857.4 |
       Dungeon |  13338 |  12448 |    890 |   1211 |   8001 |  15 |  889.2 |
          Lair |   6456 |   6012 |    444 |    604 |   4183 |   6 | 1076.0 |
  Orcish Mines |   1395 |   1258 |    137 |    233 |    608 |   2 |  697.5 |
   Elven Halls |    358 |    322 |     36 |    171 |     67 |   1 |  358.0 |
        Depths |   1925 |   1824 |    101 |    784 |    553 |   2 |  962.5 |
         Sewer |    432 |    432 |      0 |    154 |     90 |   1 |  432.0 |
        Bailey |    827 |    827 |      0 |    172 |    267 |   1 |  827.0 |
      Ice Cave |    131 |    131 |      0 |     65 |      0 |   1 |  131.0 |
               +--------+--------+--------+--------+--------+-----+--------+

Top non-repeatable levels by time:
     D:6: 1670 daAuts
  Lair:3: 1563 daAuts
Depths:1: 1407 daAuts
     D:5: 1180 daAuts
     D:7: 1177 daAuts
  Lair:1: 1173 daAuts
  Lair:4: 1169 daAuts
  Lair:2: 1123 daAuts
  Lair:6: 1083 daAuts
     D:4: 1081 daAuts
    D:13: 950 daAuts
   Orc:2: 920 daAuts
    D:14: 857 daAuts
    D:11: 841 daAuts
  Bailey: 827 daAuts
